Unix NetHack Version 5.0.0-0 post-release - last build May 10 2026 23:12:36 (d1fa5d53e341ca933230fdaa984d921c805b60aa,branch:main).

Game began 2026-05-12 22:41:29, ended 2026-05-12 23:18:11.

Drastanta, neutral female gnomish Healer

                                                  --
                                                  |.
                                                  |..-  ----
                                                   -..---(.--    ---
                                                   --...aaar---  ..
                                                   |....a.....---*------
                                                  ---..@---...*[.......|
                                                 ........--......----..----
                                                ----.......-...---|.....(.|
                                                   |..........--  |....--.|
                                                   |.......--*--- --..--|.|
                                                   |.......||...|----.| |.---
                                                   --....-.----.|..|..--|...-
                                                    |.......--......[..|--...|
                                                 -----.................#-|...|
                                                 |..--...?......-.......|--.--
                                                --...<.................#-  --
                                                |.............^.....#.#-
                                                |.......---.|...--.----
                                                --.0--..| ----..|---
                                                 --  ----    ----
Drastanta the Empiric        St:11 Dx:9 Co:16 In:7 Wi:17 Ch:18  Neutral
Dlvl:6  $:1440 HP:0(50) Pw:0(33) AC:8  Xp:5 T:2518  Hungry  

Latest messages:
 The giant ant bites!
 The giant ant bites!
 The giant rat misses the giant ant.
 The giant ant bites!
 In what direction? 3
 The giant ant looks better.
 The giant ant just misses!
 The giant ant bites!
 The giant ant just misses!
 The giant rat misses the giant ant.
 The housecat picks up a hooded cloak.
 The giant ant bites!
 In what direction? .
 You feel better.
 The giant ant bites!
 The giant ant bites!
 The giant ant bites!
 The giant rat misses the giant ant.
 The giant ant bites!
 You miss the giant ant.
 The giant ant bites!
 The giant ant bites!
 The giant ant bites!
 The giant rat misses the giant ant.
 The giant ant bites!
 The giant ant bites!
 You don't have enough energy to cast that spell.
 In what direction? .
 You feel better.
 The giant ant bites!
 The giant ant bites!
 The giant ant bites!
 The giant ant bites!
 The giant rat misses the giant ant.
 In what direction? .
 You feel better.
 The giant ant bites!
 The giant ant bites!
 The giant ant bites!
 The giant ant bites!
 The giant ant bites!
 The giant ant bites!
 The giant ant bites!
 The giant ant bites!
 The giant ant bites!
 The housecat drops a hooded cloak.
 The giant ant bites!
 You die...
 Do you want your possessions identified? [ynq] (y) y
 Do you want to see your attributes? [ynq] (y) q

Inventory:
 Coins    ('$')
  $ - 1440 gold pieces
 Weapons  (')')
  a - a +0 scalpel (weapon in right hand)
 Armor    ('[')
  b - an uncursed +1 pair of leather gloves (being worn)
 Comestibles  ('%')
  l - 6 uncursed apples
  y - an uncursed food ration
  n - an uncursed egg
 Scrolls  ('?')
  s - 2 uncursed scrolls of identify
  p - a cursed scroll of identify
  x - a blessed scroll of light
  q - an uncursed scroll of remove curse
  m - an uncursed scroll of teleportation
 Spellbooks  ('+')
  j - a blessed spellbook of extra healing
  i - a blessed spellbook of healing
  k - a blessed spellbook of stone to flesh
 Potions  ('!')
  t - a blessed potion of booze
  r - 2 uncursed potions of healing
 Wands    ('/')
  h - a wand of sleep (0:7)
 Tools    ('(')
  c - an uncursed stethoscope

Drastanta the Healer's attributes:

Background:
 You were an Empiric, a level 5 female gnomish Healer.
 You were neutral, on a mission for Hermes
 who was opposed by Athena (lawful) and Poseidon (chaotic).
 You were right-handed.
 You were in the Gnomish Mines, on level 6.
 You entered the dungeon 2518 turns ago.
 It was nighttime.
 You had 222 experience points, 98 more were needed to attain level 6.

Basics:
 You had 0 out of 50 hit points.
 You had 0 out of 33 energy points (spell power).
 Your armor class was 8.
 Your wallet contained 1440 zorkmids.
 Autopickup was off.

Final Characteristics:
 Your strength was 11 (limit:18/50).
 Your dexterity was 9 (limit:18).
 Your constitution was 16 (limit:18).
 Your intelligence was 7 (limit:19).
 Your wisdom was 17 (limit:18).
 Your charisma was 18 (limit:18).

Final Status:
 You were hungry.
 You were unencumbered.
 You were wielding a knife.
 You had basic skill with knife and could have enhanced that.

Final Attributes:
 You were devoutly aligned.
 You were poison resistant.
 You had infravision.
 You are dead.

Miscellaneous:
 You didn't encounter any bones levels.
 Total elapsed playing time was 36 minutes and 42 seconds.

Major events:
 Turn
    1: Drastanta the neutral female gnomish Healer entered the dungeon
  909: entered the Gnomish Mines
 1076: attained the rank of Empiric (level 3)
 2518: killed by a giant ant

Spells:
 Name                 Level Category     Fail Retention
 healing                1   healing        0%   81%-90%
 extra healing          3   healing        0%   81%-90%
 stone to flesh         3   healing        0%   81%-90%

Skills:
 Fighting Skills
   bare handed combat [Unskilled]
 Weapon Skills
   dagger             [Unskilled]
   knife              [Basic]
   short sword        [Unskilled]
   saber              [Unskilled]
   club               [Unskilled]
   mace               [Unskilled]
   quarterstaff       [Unskilled]
   polearms           [Unskilled]
   spear              [Unskilled]
   trident            [Unskilled]
   sling              [Unskilled]
   dart               [Unskilled]
   shuriken           [Unskilled]
   unicorn horn       [Unskilled]
 Spellcasting Skills
   healing spells     [Basic]

Voluntary challenges:
 Character rerolling was not enabled.
 You were illiterate.
 You never genocided any monsters.
 You never polymorphed an object.
 You used no wishes.
Achievements:
 You entered the Gnomish Mines.
 You attained the rank of Empiric.

 The Dungeons of Doom: levels 1 to 5
    Level 1:
       Some fountains.
    Level 2:
       A fountain, a sink.
    Level 3:
       A fountain.
    Level 4:
       Stairs down to The Gnomish Mines.
    Level 5:
 The Gnomish Mines: levels 5 to 6
    Level 5:
    Level 6: <- You were here.
       Final resting place for
          you, killed by a giant ant.


Vanquished creatures:
  a housecat
  2 wood nymphs
  a rock piercer
  8 fog clouds
  2 yellow lights
  2 dwarves
  a rothe
  a giant bat
  a wererat
 an iguana
 an acid blob
  a large kobold
  2 hobgoblins
  2 giant rats
  a cave spider
  2 yellow molds
  a green mold
  3 gnomes
  5 garter snakes
  2 geckos
  3 jackals
  2 foxes
  a kobold
  2 goblins
  a sewer rat
  a grid bug
  a lichen
  6 newts
57 creatures vanquished.

No species were genocided or became extinct.

Game over:
                       ----------
                      /          \
                     /    REST    \
                    /      IN      \
                   /     PEACE      \
                  /                  \
                  |    Drastanta     |
                  |     1440 Au      |
                  |   killed by a    |
                  |    giant ant     |
                  |                  |
                  |                  |
                  |       2026       |
                 *|     *  *  *      | *
        _________)/\\_//(\/(/\)/\//\/|_)_______

Goodbye Drastanta the Healer...

You died in The Gnomish Mines on dungeon level 6 with 1183 points,
and 1440 pieces of gold, after 2518 moves.
You were level 5 with a maximum of 50 hit points when you died.

